 Dungeon Crawl Stone Soup version 0.32-a0-768-g0f6f1dd (webtiles) character file.

Game seed: 9401799202217678911

374050 TheGoonsmith the Demonic Cataclysm (level 21, -16/183 (187) HPs)
             Began as a Demonspawn Gladiator on Mar 15, 2024.
             Was a High Priest of Qazlal.
             Killed from afar by a titan (43 damage)
             ... with a bolt of lightning
             ... on level 5 of the Vaults on Mar 18, 2024.
             The game lasted 01:56:37 (37576 turns).

TheGoonsmith the Demonic Cataclysm (DsGl)          Turns: 37576, Time: 01:56:38

HP:   -16/183 (187) AC: 37    Str: 23    XL:     21   Next: 75%
MP:   35/35         EV: 15    Int: 11    God:    Qazlal [*****.]
Gold: 5242          SH: 27    Dex: 15    Spells: 18/20 levels left

rFire   . . .        Z - +5 morningstar (vamp)
rCold   + . .        b - +2 tower shield {AC+3}
rNeg    + + .        f - +7 chain mail {rC+}
rPois   +            (helmet unavailable)
rElec   .            Y - +0 cloak of Restlessness {rPois rN++}
rCorr   .            l - +2 pair of gloves
SInv    +            U - +2 pair of slick slippers {slick, slippery, EV+4}
Will    ++...        Q - amulet of regeneration Stlth
                     B - +4 ring of slaying
HPRegen 1.30/turn    L - ring of willpower
MPRegen 0.24/turn

%: repel missiles
@: protected from physical damage, lightly drained
A: antennae 3, rugged brown scales 3, demonic guardian 3, spiny 3, corrupting
presence 1
}: 2/15 runes: serpentine, barnacled
a: Renounce Religion, Upheaval, Elemental Force, Disaster Area


You were on level 5 of the Vaults.
You worshipped Qazlal.
Qazlal was extremely pleased with you.
You visited 7 branches of the dungeon, and saw 36 of its levels.
You also visited: Bailey and Gauntlet.

You collected 6181 gold pieces.
You spent 939 gold pieces at shops.

Inventory:

Hand Weapons
 Z - a +5 vampiric morningstar (weapon)
Missiles
 d - 18 throwing nets (quivered)
Armour
 a - +0 gold dragon scales
 b - a +2 tower shield of protection (worn)
 f - a +7 chain mail of cold resistance (worn)
 l - a +2 pair of gloves (worn)
 P - +0 fire dragon scales
 U - the +2 pair of slick slippers (worn) {slick, slippery, EV+4}
   (You found it on level 12 of the Dungeon)

   Slick:     Its wearer cannot be constricted, engulfed, netted, webbed, or
   stopped by binding sigils.
   Slippery:  Its wearer slips away from damaging melee attacks, pulling the
   attacker onward.
   EV+4:      It affects your evasion (+4).
 Y - the +0 cloak of Restlessness (worn) {rPois rN++}
   (You found it in a Gauntlet)

   rPois:     It protects you from poison.
   rN++:      It greatly protects you from negative energy.
Jewellery
 c - a +4 ring of protection
 s - a ring of protection from fire
 B - a +4 ring of slaying (left hand)
 D - an amulet of reflection
 G - a ring of protection from cold
 H - a ring of poison resistance
 L - a ring of willpower (right hand)
 O - a ring of magical power
 Q - an amulet of regeneration (around neck)
 R - a ring of resist corrosion
 T - a +6 ring of strength
Wands
 p - a wand of light (15)
 t - a wand of paralysis (17)
 w - a wand of mindburst (18)
 y - a wand of flame (67)
 C - a wand of polymorph (5)
 E - a wand of iceblast (41)
Scrolls
 j - 8 scrolls of fear
 q - 4 scrolls of vulnerability
 r - 14 scrolls of identify
 u - 2 scrolls of butterflies
 v - 14 scrolls of teleportation
 z - 5 scrolls of poison
 A - 2 scrolls of immolation
 J - 8 scrolls of amnesia
 K - a scroll of revelation
 M - 7 scrolls of fog
 S - a scroll of silence
 W - 2 scrolls of blinking
Potions
 g - 3 potions of cancellation
 h - 7 potions of brilliance
 i - a potion of might
 k - 13 potions of mutation
 m - 9 potions of curing
 n - 2 potions of heal wounds
 o - 4 potions of magic
 x - a potion of enlightenment
 F - a potion of lignification
 I - 2 potions of ambrosia
 N - a potion of haste
 V - 4 potions of attraction
 X - a potion of invisibility


   Skills:
 + Level 17.6 Fighting
 - Level 14.8(16.7) Axes
 - Level 12.7(16.0) Maces & Flails
 - Level 4.9(9.6) Staves
 - Level 1.7 Throwing
 + Level 16.1 Armour
 - Level 10.0 Dodging
 + Level 15.9 Shields
 - Level 20.0 Invocations


You had 18 spell levels left.
You knew the following spells:

 Your Spells              Type           Power      Damage    Failure   Level
a - Blink                 Tloc           0%         N/A       99%         2

Your spell library contained the following spells:

 Spells                   Type           Power      Damage    Failure   Level
 Apportation              Tloc           0%         N/A       96%         1
 Foxfire                  Conj/Fire      0%         2x1d4     96%         1
 Freeze                   Ice            0%         1d3       96%         1
 Magic Dart               Conj           0%         1d3       96%         1
 Slow                     Hex            0%         N/A       96%         1
 Summon Small Mammal      Summ           0%         N/A       96%         1
 Call Imp                 Summ           0%         N/A       99%         2
 Cigotuvi's Dreadful Rot  Necr/Alch/Air  0%         N/A       99%         2
 Jinxbite                 Hex            0%         N/A       99%         2
 Lesser Beckoning         Tloc           0%         N/A       99%         2
 Momentum Strike          Conj/Tloc      0%         3d8       99%         2
 Scorch                   Fire           0%         2d5       99%         2
 Static Discharge         Conj/Air       0%         3-3/arc   99%         2
 Call Canine Familiar     Summ           0%         N/A       100%        3
 Confusing Touch          Hex            0%         N/A       100%        3
 Dazzling Flash           Conj/Hex       0%         N/A       100%        3
 Frozen Ramparts          Ice            0%         1d1       100%        3
 Fugue of the Fallen      Necr           0%         N/A       100%        3
 Gell's Gravitas          Tloc           0%         N/A       100%        3
 Hailstorm                Conj/Ice       0%         3d5       100%        3
 Mephitic Cloud           Conj/Alch/Air  0%         N/A       100%        3
 Ozocubu's Armour         Ice            0%         N/A       100%        3
 Teleport Other           Tloc           0%         N/A       100%        3
 Vampiric Draining        Necr           0%         2d6       100%        3
 Airstrike                Air            0%         2d(0-16)  100%        4
 Animate Armour           Summ/Erth      0%         N/A       100%        4
 Animate Dead             Necr           0%         N/A       100%        4
 Brom's Barrelling Bould  Conj/Erth      0%         2d3       100%        4
 Dispel Undead            Necr           0%         3d6       100%        4
 Flame Wave               Conj/Fire      0%         2d4       100%        4
 Leda's Liquefaction      Alch/Erth      0%         N/A       100%        4
 Manifold Assault         Tloc           0%         N/A       100%        4
 Martyr's Knell           Necr/Summ      0%         N/A       100%        4
 Olgreb's Toxic Radiance  Alch           0%         N/A       100%        4
 Summon Blazeheart Golem  Fire/Summ      0%         N/A       100%        4
 Summon Lightning Spire   Summ/Air       0%         N/A       100%        4
 Alistair's Intoxication  Alch           0%         N/A       100%        5
 Borgnjor's Vile Clutch   Necr/Erth      0%         N/A       100%        5
 Curse of Agony           Necr           0%         N/A       100%        5
 Lee's Rapid Deconstruct  Erth           0%         3d4*      100%        5
 Silence                  Hex/Air        0%         N/A       100%        5
 Summon Forest            Summ/Tloc      0%         N/A       100%        5
 Summon Mana Viper        Hex/Summ       0%         N/A       100%        5
 Death Channel            Necr           0%         N/A       100%        6
 Dispersal                Tloc           0%         N/A       100%        6
 Permafrost Eruption      Ice/Erth       0%         2x4d2     100%        6
 Plasma Beam              Fire/Air       0%         2x1d10    100%        6
 Sculpt Simulacrum        Ice/Alch       0%         N/A       100%        6
 Starburst                Conj/Fire      0%         6d3       100%        6
 Summon Cactus Giant      Summ           0%         N/A       100%        6
 Ozocubu's Refrigeration  Ice            0%         4d7       100%        7
 Discord                  Hex            0%         N/A       100%        8
 Disjunction              Tloc           0%         N/A       100%        8


Dungeon Overview and Level Annotations

Branches:
Dungeon (15/15)            Temple (1/1) D:4            Lair (5/5) D:10
 Shoals (4/4) Lair:2        Snake (4/4) Lair:2        Slime (0/5) Lair:4
    Orc (2/2) D:9             Elf (0/3) Orc:2        Vaults (5/5) D:14
  Crypt (0/3) Vaults:2     Depths (0/4) D:15         Bailey (visited)
Gauntlet (visited)

Altars:
Ashenzari
Cheibriados
Dithmenos
Fedhas
Gozag
Hepliaklqana
Kikubaaqudgha
Makhleb
Nemelex Xobeh
Okawaru
Qazlal
Ru
Sif Muna
Trog
Uskayaw
Vehumet
Wu Jian
Xom
Yredelemnul
Jiyva

Shops:
D:1 ?   D:3 (   D:10 *   Orc:2 (([[*   Snake:2 *

Annotations:
D:13 3 runed translucent doors, Nahenipu's ghost, journeyman DsSu
Lair:5 exclusion: oklob plant
Vaults:5 Saint Roka; Sojobo


Innate Abilities, Weirdness & Mutations

You have a pair of large antennae on your head. (SInv)
You are completely covered in rugged brown scales. (AC +3, +7% HP)
A powerful demonic guardian rushes to your aid.
You are completely covered in sharp spines.
Your presence sometimes corrodes those you injure.


Message History

The titan waves its arms in wide circles.
The air twists around and strikes you!
* * * LOW HITPOINT WARNING * * *
Found 31 gold pieces.
You thump the titan!
You feel better.
The titan is lightly wounded.
You block the titan's attack.
You impale the titan!!
You feel better.
The titan is moderately wounded.
You hit the titan but do no damage.
The titan is moderately wounded.
You block the titan's attack.
You hit the titan but do no damage.
The titan is moderately wounded.
The titan is struck by your spines. The titan closely misses you.
You puncture the titan!
You feel better.
The titan is heavily wounded.
You block the titan's attack.
You hit the titan.
You feel better.
The titan is heavily wounded.
The titan hits you but does no damage.
You hit the titan.
You feel better.
The titan is heavily wounded.
You hit the titan but do no damage.
The titan is heavily wounded.
The titan is struck by your spines. The titan hits you!!
* * * LOW HITPOINT WARNING * * *
You feel more protected from physical attacks.
You slip backwards!
You sock the titan!
You feel better.
The titan is severely wounded.
The titan is struck by your spines. The titan hits you!
* * * LOW HITPOINT WARNING * * *
You feel more protected from physical attacks.
You slip backwards!
You completely miss the titan.
The titan is severely wounded.
The titan casts a spell at you. The bolt of lightning hits you!!!
You die...

. ...
##############....
......^.°○.......$
......☼.@C..°..#
##########.§#..#
...#, # ....#
..#..# ...#..#
....#..# ###. #..#


You could see a titan.

Vanquished Creatures
  A dread lich (Vaults:5)
  3 ancient liches
  Bai Suzhen (Vaults:5)
  The ghost of Caqes the Executioner, a veteran CoBe of Trog (Vaults:2)
  3 tentacled monstrosities
  Mlioglotl (Shoals:4)
  4 quicksilver dragons
  2 titans (Vaults:5)
  2 krakens
  3 sphinxes
  A shadow dragon (Vaults:5)
  Polyphemus (Shoals:2)
  3 tengu reavers
  Agnes (Snake:3)
  2 storm dragons
  Roxanne (D:14)
  2 frost giants
  A revenant (Vaults:2)
  10 vault wardens
  An iron dragon (Vaults:4)
  A deep elf sorcerer (Vaults:5)
  2 orc warlords (Vaults:3)
  23 ironbound preservers
  6 stone giants (Vaults:5)
  8 ironbound thunderhulks
  2 cacodemons (Vaults:2)
  7 very ugly things
  6 formless jellyfish
  Nessos (Lair:4)
  A deep elf demonologist (Vaults:5)
  2 deep elf death magi (Vaults:5)
  2 war gargoyles
  A minotaur (Gauntlet)
  6 dire elephants
  A fire dragon (Lair:5)
  2 ettins (Vaults:5)
  19 yaktaur captains
  3 crystal guardians
  2 entropy weavers
  3 merfolk javelineers
  7 merfolk impalers
  5 salamander tyrants
  7 great orbs of eyes
  39 vault guards
  The ghost of
  123123 the Martial Artist, a journeyman OpSh of Elyvilon (D:11)
  A rakshasa (D:15)
  2 hydras
  7 peacekeepers
  12 centaur warriors
  A merfolk avatar (Shoals:4)
  6 ogre magi
  A catoblepas (Shoals:2)
  7 ironbound frosthearts
  Erica (D:10)
  An alligator snapping turtle (Shoals:2)
  16 anacondas
  A merfolk aquamancer (Shoals:3)
  8 death yaks
  A satyr (Shoals:3)
  25 two-headed ogres
  3 death knights
  8 boulder beetles
  6 naga warriors
  4 tengu warriors
  8 shock serpents
  6 naga sharpshooters
  A shock serpent (shapeshifter) (Vaults:5)
  6 skysharks
  4 skeletal warriors (D:11)
  A storm dragon skeleton (Vaults:3)
  3 salamander mystics
  41 deep trolls
  8 arcanists
  10 sea snakes
  3 glowing orange brains
  3 naga ritualists
  16 ironbound convokers
  11 lindwurms
  15 mana vipers
  5 orc knights
  5 phantasmal warriors
  18 harpies
  A deep elf pyromancer (D:12)
  22 ugly things
  3 orc sorcerers
  4 necromancers
  A tengu skeleton (Vaults:3)
  A cyclops (shapeshifter) (Vaults:5)
  11 cyclopes
  16 manticores
  13 fauns
  6 salamanders
  A shining eye (shapeshifter) (Vaults:2)
  A moth of wrath (shapeshifter) (Vaults:2)
  9 guardian serpents (Snake:4)
  An elf zombie (Vaults:3)
  11 merfolk sirens
  4 kobold blastminers
  7 elephants
  4 water nymphs
  Joseph (D:9)
  13 cane toads
  13 naga magi
  19 vault sentinels
  24 black mambas
  4 rime drakes
  2 unseen horrors
  12 komodo dragons
  An ice devil (Gauntlet)
  29 yaktaurs
  A tengu conjurer (D:14)
  3 freezing wraiths
  37 merfolk
  A polar bear (Lair:3)
  8 trolls
  2 wolf spider simulacra (Gauntlet)
  A raiju (shapeshifter) (Vaults:2)
  8 dream sheep (Shoals:1)
  A dream sheep (shapeshifter) (Vaults:2)
  13 blink frogs
  7 wind drakes
  7 snapping turtles
  25 slime creatures
  5 shadows
  4 wraiths
  9 wyverns
  24 yaks
  A vampire (D:10)
  5 basilisks
  10 water elementals
  A golden eye (shapeshifter) (Vaults:2)
  2 redbacks (shapeshifter)
  A redback (Vaults:4)
  A harpy simulacrum (Gauntlet)
  11 steam dragons
  2 elf skeletons (Vaults:2)
  6 vampire mosquitoes (D:11)
  A spatial vortex (Shoals:4)
  4 acid dragons
  24 nagas
  18 water moccasins
  3 hell hounds (Lair:5)
  A glowing shapeshifter skeleton (Vaults:3)
  An ice beast (shapeshifter) (Vaults:2)
  4 human zombies (Vaults:3)
  An ice beast (D:6)
  25 orc warriors
  A black bear (shapeshifter) (D:14)
  2 sky beasts
  2 laughing skulls (D:14)
  18 wolves
  32 ogres
  A boggart (Vaults:2)
  8 centaurs
  3 kobold brigands
  8 bullfrogs
  A gnoll sergeant (D:12)
  2 scorpions
  7 wights (D:9)
  14 killer bees
  8 electric eels
  11 howler monkeys
  7 lava snakes
  A bombardier beetle (D:7)
  3 hounds
  14 orc priests
  19 jellies
  2 iguanas (D:6)
  Terence (D:2)
  25 orc wizards
  A gnoll (D:8)
  9 adders
  7 river rats (D:5)
  2 white imps (Gauntlet)
  2 ufetubi (D:6)
  A dart slug (D:1)
  3 ribbon worms (D:2)
  A ribbon worm (shapeshifter) (Vaults:2)
  74 orcs
  6 ball pythons
  6 endoplasms
  A giant cockroach (D:4)
  12 goblins
  8 hobgoblins
  3 jackals
  A quokka (D:2)
  8 bats
  6 frilled lizards
  17 kobolds
  20 rats
  2 starspawn tentacles (Shoals:4)
  8 tentacles
1376 creatures vanquished.

Vanquished Creatures (collateral kills)
  Vashnia (Snake:3)
  2 tentacled monstrosities (Vaults:2)
  2 titans (Vaults:5)
  A tengu reaver (Vaults:5)
  2 nagarajas
  2 vault wardens (Vaults:2)
  2 very ugly things (Vaults:2)
  An ironbound preserver (Vaults:5)
  An ironbound thunderhulk (Vaults:4)
  A deep elf demonologist (Vaults:5)
  A deep elf annihilator (Vaults:5)
  3 dire elephants (Vaults:2)
  A yaktaur captain (Vaults:4)
  An entropy weaver (Vaults:2)
  2 great orbs of eyes
  A vault guard (D:14)
  A salamander tyrant (Snake:4)
  A merfolk avatar (Shoals:4)
  A boulder beetle (D:14)
  A satyr (Shoals:4)
  2 merfolk aquamancers (Shoals:4)
  3 naga sharpshooters
  A naga warrior (Snake:2)
  A naga ritualist (Snake:4)
  3 deep trolls
  An ironbound convoker (Vaults:2)
  3 harpies (Shoals:3)
  3 orc knights (Vaults:3)
  5 salamanders
  A manticore (Shoals:1)
  2 slime creatures (Vaults:2)
  2 vault sentinels (Vaults:2)
  2 black mambas (Snake:3)
  3 molten gargoyles (Lair:5)
  A yaktaur zombie (Vaults:2)
  3 yaktaurs
  2 wind drakes (Shoals:3)
  A merfolk (Shoals:4)
  A wyvern (Lair:5)
  A redback (Vaults:4)
  A black bear (shapeshifter) (Vaults:5)
  5 wights (D:9)
  An orc priest (Vaults:5)
  An orc wizard (Orc:2)
  3 orcs (Bailey)
80 creatures vanquished.

Vanquished Creatures (others)
  A kraken (Shoals:4)
  A sea snake (Shoals:3)
  A phantasmal warrior (Vaults:5)
  A kobold blastminer (Orc:1)
  An unseen horror (D:12)
  2 water elementals (Shoals:3)
  2 wargs (Vaults:5)
  2 orc wizards (Orc:1)
  4 orcs
  2 spectral weapons
  16 tentacles
33 creatures vanquished.

Grand Total: 1489 creatures vanquished

Notes
Turn   | Place    | Note
-------+----------+-------------------------------------------
     0 | D:1      | TheGoonsmith the Demonspawn Gladiator began the quest for
                  | the Orb.
     0 | D:1      | Reached XP level 1. HP: 16/16 MP: 1/1
    31 | D:1      | Gained mutation: You have a pair of small antennae on your
                  | head. [demonic ancestry]
    31 | D:1      | Reached XP level 2. HP: 7/22 MP: 2/2
   394 | D:1      | Found Giufoq's Magic Scroll Shop.
   632 | D:2      | Gained mutation: You have a pair of antennae on your head.
                  | [demonic ancestry]
   632 | D:2      | Reached XP level 3. HP: 20/28 MP: 3/3
   757 | D:2      | Found a faded altar of an unknown god.
   837 | D:2      | Noticed Terence
   870 | D:2      | Killed Terence
  1044 | D:2      | Gained mutation: You are partially covered in sharp spines.
                  | [demonic ancestry]
  1044 | D:2      | Reached XP level 4. HP: 34/34 MP: 4/4
  1359 | D:3      | Found Siupeo's Antique Weapon Boutique.
  1846 | D:3      | Reached XP level 5. HP: 40/41 MP: 5/5
  2083 | D:3      | Noticed a steam dragon
  2098 | D:3      | Killed a steam dragon
  2099 | D:3      | Reached skill level 1 in Armour
  2099 | D:3      | Gained mutation: You are partially covered in rugged brown
                  | scales. (AC +1, +3% HP) [demonic ancestry]
  2099 | D:3      | Reached XP level 6. HP: 20/48 MP: 6/6
  2332 | D:4      | Found a sacrificial altar of Ru.
  2529 | D:4      | Identified the +5 flail of Quantum Leap {spect, Stlth+}
  2535 | D:4      | Found a staircase to the Ecumenical Temple.
  2569 | Temple   | Entered the Ecumenical Temple
  2580 | Temple   | Became a worshipper of Qazlal Stormbringer
  2935 | D:5      | Entered Level 5 of the Dungeon
  2955 | D:5      | Reached skill level 1 in Maces & Flails
  3012 | D:5      | Gained mutation: You are mostly covered in rugged brown
                  | scales. (AC +2, +5% HP) [demonic ancestry]
  3012 | D:5      | Reached XP level 7. HP: 25/56 MP: 7/7
  3237 | D:5      | Found a burning altar of Makhleb.
  3377 | D:5      | Found a sparkling altar of Nemelex Xobeh.
  3477 | D:5      | Found a blossoming altar of Fedhas.
  3543 | D:5      | Reached * piety under Qazlal
  4140 | D:6      | Reached skill level 5 in Maces & Flails
  4140 | D:6      | Reached XP level 8. HP: 31/63 MP: 8/8
  4394 | D:6      | Killed an unseen horror
  4602 | D:6      | Found an ancient bone altar of Kikubaaqudgha.
  4776 | D:6      | Reached ** piety under Qazlal
  5097 | D:7      | Gained mutation: A weak demonic guardian rushes to your
                  | aid. [demonic ancestry]
  5097 | D:7      | Reached XP level 9. HP: 57/69 MP: 9/9
  5170 | D:7      | Reached skill level 5 in Fighting
  5349 | D:7      | Found a flagged portal.
  5361 | Bailey   | Entered a bailey
  5511 | Bailey   | Reached *** piety under Qazlal
  5930 | D:7      | Upgraded the game from 0.32-a0-712-g515539a to
                  | 0.32-a0-738-g1a05c61
  6251 | D:7      | Reached skill level 5 in Armour
  6253 | D:7      | Reached skill level 1 in Invocations
  6651 | D:1      | Bought a scroll of brand weapon for 133 gold pieces
  6651 | D:1      | Bought a scroll of brand weapon for 133 gold pieces
  6651 | D:1      | Bought a scroll of teleportation for 42 gold pieces
  6651 | D:1      | Bought a scroll of teleportation for 42 gold pieces
  6830 | D:8      | Found an iron altar of Okawaru.
  6901 | D:8      | Reached skill level 2 in Invocations
  6907 | D:8      | Reached XP level 10. HP: 54/79 MP: 11/11
  7004 | D:8      | Reached skill level 1 in Axes
  7176 | D:8      | Reached skill level 3 in Invocations
  7242 | D:8      | Found a broken altar of Ashenzari.
  7592 | D:9      | Reached skill level 4 in Invocations
  7626 | D:9      | Reached **** piety under Qazlal
  8179 | D:9      | Reached skill level 5 in Invocations
  8344 | D:9      | Reached skill level 6 in Invocations
  8344 | D:9      | Found an opulent altar of Gozag.
  8399 | D:9      | Found a staircase to the Orcish Mines.
  8551 | D:9      | Found a radiant altar of Vehumet.
  8861 | D:9      | Noticed Joseph
  8871 | D:9      | Killed Joseph
  8872 | D:9      | Reached skill level 5 in Axes
  9542 | D:10     | Entered Level 10 of the Dungeon
  9652 | D:10     | Found an ornate altar of the Wu Jian Council.
  9810 | D:10     | Noticed Erica
  9819 | D:10     | Killed Erica
  9826 | D:10     | Gained mutation: You are mostly covered in sharp spines.
                  | [demonic ancestry]
  9826 | D:10     | Reached XP level 11. HP: 80/85 MP: 15/15
 10032 | D:10     | Found Emeo's Serpentskin Sales.
 10047 | D:10     | Bought a ring of poison resistance for 280 gold pieces
 10082 | D:10     | Noticed a two-headed ogre
 10094 | D:10     | Killed a two-headed ogre
 10142 | D:10     | Identified the +9 long sword "Nijuo" {heavy, rElec Int+2}
 10192 | D:10     | Found a staircase to the Lair.
 10570 | Lair:1   | Entered Level 1 of the Lair of Beasts
 11039 | Lair:1   | Reached skill level 10 in Axes
 11877 | Lair:2   | Noticed a boulder beetle
 11889 | Lair:2   | Killed a boulder beetle
 11890 | Lair:2   | Reached XP level 12. HP: 84/92 MP: 16/16
 12089 | Lair:2   | Found a staircase to the Shoals.
 12151 | Lair:2   | Found a staircase to the Snake Pit.
 12154 | Lair:2   | Reached ***** piety under Qazlal
 12541 | Lair:2   | Got the Teachings on the Sandy Manifold
 12699 | Lair:2   | Reached skill level 7 in Invocations
 13365 | Lair:3   | Reached skill level 8 in Invocations
 13435 | Lair:3   | Noticed a seven-headed hydra
 13447 | Lair:3   | Killed an eight-headed hydra
 13698 | Lair:3   | Identified the +0 robe of Hasch {+Blink rCorr Str+3 Dex-5}
 14202 | Lair:3   | Identified the +1 flail "Zico" {antimagic, rF+ Int+3 Dex+3}
 14260 | Lair:3   | Reached skill level 9 in Invocations
 14590 | Lair:4   | Noticed Nessos
 14607 | Lair:4   | Killed Nessos
 14608 | Lair:4   | Gained mutation: You are completely covered in rugged brown
                  | scales. (AC +3, +7% HP) [demonic ancestry]
 14608 | Lair:4   | Reached XP level 13. HP: 26/104 MP: 19/19
 14957 | Lair:4   | Found a viscous altar of Jiyva.
 14965 | Lair:4   | Found a staircase to the Slime Pits.
 15596 | Lair:5   | Entered Level 5 of the Lair of Beasts
 15606 | Lair:5   | Reached skill level 10 in Invocations
 15846 | Lair:5   | Reached skill level 11 in Invocations
 15963 | Lair:5   | Found a large runed translucent door.
 15963 | Lair:5   | Found a large runed translucent door.
 16264 | Lair:5   | Noticed a fire dragon
 16336 | Lair:5   | Killed a fire dragon
 16337 | Lair:5   | Reached skill level 10 in Fighting
 16347 | Lair:5   | Identified the +6 trident "Noschuwaurr" {freeze, rF+ Will-
                  | Str+5}
 16527 | D:10     | Learned a level 2 spell: Blink
 16611 | Orc:1    | Entered Level 1 of the Orcish Mines
 16785 | Orc:2    | Entered Level 2 of the Orcish Mines
 16785 | Orc:2    | Found a staircase to the Elven Halls.
 16895 | Orc:1    | Reached skill level 12 in Invocations
 17070 | Orc:2    | Gained mutation: You have a pair of large antennae on your
                  | head. (SInv) [demonic ancestry]
 17070 | Orc:2    | Reached XP level 14. HP: 104/117 MP: 17/23
 17651 | Orc:2    | Found Lushugut's Armour Boutique.
 17651 | Orc:2    | Found Paumaeq's General Store.
 17652 | Orc:2    | Found Fexiorev's Weapon Shoppe.
 17652 | Orc:2    | Found Qikinnit's Armour Boutique.
 17976 | Orc:2    | Found Sacke's Weapon Emporium.
 18231 | Orc:1    | Reached skill level 13 in Invocations
 18448 | Orc:2    | Bought a +1 pair of boots for 115 gold pieces
 18463 | Orc:2    | Bought a potion of curing for 39 gold pieces
 18463 | Orc:2    | Bought a potion of magic for 104 gold pieces
 18557 | D:11     | Noticed 123123's ghost (journeyman OpSh)
 18558 | D:11     | Found a transporter.
 18570 | D:11     | Found a transporter.
 19139 | D:11     | Killed 123123's ghost
 19140 | D:11     | Reached skill level 10 in Armour
 19358 | D:12     | Found the +2 pair of slick slippers {slick, slippery, EV+4}
 19545 | D:12     | Found a runed translucent door.
 19589 | D:12     | Gained mutation: A demonic guardian rushes to your aid.
                  | [demonic ancestry]
 19589 | D:12     | Reached XP level 15. HP: 121/127 MP: 19/25
 20042 | D:12     | Noticed a frost giant
 20052 | D:12     | Killed a frost giant
 20076 | D:12     | Reached skill level 14 in Invocations
 20525 | D:13     | Found a gate leading to a gauntlet.
 20534 | Gauntlet | Entered a Gauntlet
 20534 | Gauntlet | Found a transporter.
 20534 | Gauntlet | Found a transporter.
 20538 | Gauntlet | Found a transporter.
 20538 | Gauntlet | Found a transporter.
 20549 | Gauntlet | Found a transporter.
 20559 | Gauntlet | Found a transporter.
 20559 | Gauntlet | Found a transporter.
 20583 | Gauntlet | Found a transporter.
 20590 | Gauntlet | Found a transporter.
 20602 | Gauntlet | Found a transporter.
 20627 | Gauntlet | Found a transporter.
 20649 | Gauntlet | Identified the ring of Xom's Full Attention {rPois rF- rN+
                  | Str+4 Int-3}
 20660 | Gauntlet | Found a transporter.
 20712 | Gauntlet | Found a transporter.
 20797 | Gauntlet | Identified the +0 cloak of Restlessness {rPois rN++}
 20813 | Gauntlet | Got the Writings on Translocated Frost
 21063 | D:13     | Found a runed translucent gate.
 21063 | D:13     | Found a runed translucent gate.
 21063 | D:13     | Noticed Nahenipu's ghost (journeyman DsSu)
 21072 | D:13     | Found a runed translucent gate.
 21181 | D:13     | Reached skill level 1 in Shields
 21626 | D:14     | Found a hide-covered altar of Uskayaw.
 21644 | D:14     | You fall into a shaft and drop 1 floor!
 21644 | D:15     | Entered Level 15 of the Dungeon
 21706 | D:14     | Noticed Roxanne
 21727 | D:14     | Killed Roxanne
 21753 | D:14     | Found a gate to the Vaults.
 21782 | D:14     | Reached skill level 10 in Maces & Flails
 22049 | D:14     | Reached ****** piety under Qazlal
 22585 | D:15     | Found a staircase to the Depths.
 22995 | Snake:1  | Entered Level 1 of the Snake Pit
 23023 | Snake:1  | Gained mutation: A powerful demonic guardian rushes to your
                  | aid. [demonic ancestry]
 23023 | Snake:1  | Reached XP level 16. HP: 135/135 MP: 27/27
 23076 | Snake:1  | Reached skill level 5 in Shields
 23088 | Snake:1  | Reached skill level 15 in Invocations
 24092 | Snake:2  | Found Buupp's General Store.
 24096 | Snake:2  | Bought a scroll of teleportation for 51 gold pieces
 24572 | Snake:3  | Noticed Agnes
 24584 | Snake:3  | Killed Agnes
 24654 | Snake:3  | Noticed Vashnia
 24669 | Snake:3  | Killed Vashnia
 25170 | Snake:4  | Entered Level 4 of the Snake Pit
 25880 | Snake:4  | Reached XP level 17. HP: 145/145 MP: 28/28
 26304 | Snake:4  | Reached skill level 16 in Invocations
 26555 | Snake:4  | Noticed a quicksilver dragon
 26576 | Snake:4  | Killed a quicksilver dragon
 26668 | Snake:4  | Got a serpentine rune of Zot
 26913 | Shoals:1 | Entered Level 1 of the Shoals
 27123 | Shoals:1 | Noticed a kraken
 27134 | Shoals:1 | Killed a kraken
 27598 | Shoals:2 | Noticed Polyphemus
 27633 | Shoals:2 | Killed Polyphemus
 28261 | Shoals:3 | Noticed a kraken
 28371 | Shoals:3 | Killed a kraken
 28419 | Shoals:3 | Reached skill level 10 in Shields
 28470 | Shoals:3 | Reached skill level 17 in Invocations
 28476 | Shoals:3 | Reached XP level 18. HP: 155/156 MP: 30/30
 28977 | Shoals:4 | Entered Level 4 of the Shoals
 29423 | Shoals:4 | Got a barnacled rune of Zot
 29617 | Shoals:4 | Noticed Mlioglotl
 29632 | Shoals:4 | Killed Mlioglotl
 29633 | Shoals:4 | Reached skill level 5 in Dodging
 29910 | Shoals:4 | Identified the staffcold "Spiderslayer" {rC+ rN+ rCorr
                  | Hexes Ice}
 30462 | Vaults:1 | Entered Level 1 of the Vaults
 31744 | Vaults:2 | Reached skill level 18 in Invocations
 31902 | Vaults:2 | Gained mutation: Your presence sometimes corrodes those you
                  | injure. [demonic ancestry]
 31902 | Vaults:2 | Reached XP level 19. HP: 122/164 MP: 32/32
 32031 | Vaults:2 | Identified the +0 buckler of Arcadian Happiness {rCorr}
 32123 | Vaults:2 | Reached skill level 15 in Fighting
 32203 | Vaults:2 | Identified the ring of Teschuuf {Fire Slay+3}
 32234 | Vaults:2 | Found a runed translucent gate.
 32234 | Vaults:2 | Found a runed translucent gate.
 32234 | Vaults:2 | Found a runed translucent gate.
 32302 | Vaults:2 | Found a staircase to the Crypt.
 32981 | Vaults:2 | Identified the +0 chain mail of Cynicism {rF+ Str+3}
 33182 | Vaults:2 | Upgraded the game from 0.32-a0-738-g1a05c61 to
                  | 0.32-a0-768-g0f6f1dd
 33206 | Vaults:2 | Found Kuizec's Book Shoppe.
 33634 | Vaults:2 | Found a runed translucent gate.
 33634 | Vaults:2 | Found a runed translucent gate.
 33636 | Vaults:2 | Noticed Caqes's ghost (veteran CoBe)
 33640 | Vaults:2 | Found a runed translucent gate.
 33744 | Vaults:2 | Killed Caqes's ghost
 33819 | Vaults:2 | Identified the +1 robe "Ylaidyan" {Fly rElec}
 34054 | Vaults:3 | Reached skill level 19 in Invocations
 34166 | Vaults:3 | Gained mutation: You are completely covered in sharp
                  | spines. [demonic ancestry]
 34166 | Vaults:3 | Reached XP level 20. HP: 156/174 MP: 28/33
 35719 | Vaults:4 | Paralysed by a formless jellyfish for 1 turns
 35822 | Vaults:4 | Identified the +1 ring mail of Cirhiok {rElec Int+3 Stlth+}
 36051 | Vaults:4 | Identified the +0 plate armour of Gaepn {rC++ Dex+3}
 36750 | Vaults:5 | Entered Level 5 of the Vaults
 36751 | Vaults:5 | Noticed a dread lich
 36756 | Vaults:5 | Noticed an ancient lich
 36760 | Vaults:5 | Reached skill level 15 in Armour
 36760 | Vaults:5 | Reached skill level 20 in Invocations
 36760 | Vaults:5 | Killed an ancient lich
 36762 | Vaults:5 | Killed a dread lich
 36763 | Vaults:5 | Reached XP level 21. HP: 164/184 MP: 1/35
 36774 | Vaults:5 | Reached skill level 15 in Shields
 36781 | Vaults:5 | Noticed an ancient lich
 36932 | Vaults:5 | Noticed Bai Suzhen
 36971 | Vaults:5 | Reached skill level 10 in Dodging
 37049 | Vaults:5 | Killed an ancient lich
 37061 | Vaults:5 | Killed Bai Suzhen
 37079 | Vaults:5 | Noticed an ancient lich
 37220 | Vaults:5 | Noticed Saint Roka
 37263 | Vaults:4 | Killed an ancient lich
 37372 | Vaults:5 | Noticed Sojobo
 37544 | Vaults:5 | Paralysed by an air elemental for 1 turns
 37555 | Vaults:5 | HP: 9/185 [Sojobo/the air (25)]
 37576 | Vaults:5 | Killed from afar by a titan

Illustrated notes

Levels and vault maps discovered:
D:1:      heliophobic_arrival_enchanted_forest, layout_rooms, serial_shops,
          nicolae_shop_stone
D:2:      layout_loops_ring, basic_altar, hellmonk_ecumenical_altar_crossroads,
          minmay_tetromino_l4, uniq_terence
D:3:      layout_loops_ring, serial_shops, nicolae_shop_overgrown_old_shop,
          amcnicky_mini_corridor_feature
D:4:      layout_loops_ring, nicolae_overflow_crystal_walls,
          minmay_temple_entry_wispy
D:5:      layout_cave_pods, nemelex_dance_club_becter, amcnicky_altar_gilded,
          lemuel_crystal_altar, chequers_jeans, hex_tiny, dk_rats_in_the_wall
D:6:      layout_basic, lemuel_crystal_altar
D:7:      layout_gridville, enter_bailey_4, st_stairs_6,
          minmay_a_box_with_orc_wizards_in_it
D:8:      layout_gridville, mainiacjoe_overflow_cross_hatched,
          gammafunk_temple_overflow_pools, kennysheep_generic_room_6
D:9:      layout_gridville, nicolae_gozag_cash_rules_everything_around_me,
          mainiacjoe_overflow_paths, erik_orc_2, uniq_joseph
D:10:     layout_long_grid, old_standard_altar, nicolae_wu_jian_wuxing_cycle,
          mainiacjoe_overflow_alcove_2, david_lair_shrubbed,
          guppyfry_shop_venom, uniq_erica
D:11:     layout_cross, nzn_ghost_randoct
D:12:     hourglass_vault, layout_loops_ring, nicolae_guarded_unrand_slippers
D:13:     layout_basic, gauntlet_entry_generic, gammafunk_ghost_split,
          library_closet, kennysheep_generic_room_12
D:14:     layout_roguey, lightli_vaults_fourway_checkpoint,
          nicolae_uskayaw_dance_hall, kennysheep_small_square, uniq_roxanne
D:15:     gammafunk_enter_depths_forms, layout_loops_ring
Temple:   dpeg_three_leaves_temple
Lair:1:   layout_cave_pods
Lair:2:   layout_regular_city, minmay_shoals_entry_hut,
          nicolae_snake_entry_warm_welcome, st_stairs_10,
          bobbens_dragon_lair_wall, infiniplex_staircase_pool,
          grunt_megastairs_3
Lair:3:   layout_layer_cave, lemuel_fruit_tree
Lair:4:   layout_long_grid, minmay_slime_entry_jelly_boxes,
          serial_bayou_shore_a, uniq_nessos
Lair:5:   cheibrodos_lair_end_hotspot, layout_misc_corridors,
          dreamdust_gnoll_shepherd
Shoals:1: layout_shoals
Shoals:2: layout_shoals, uniq_polyphemus
Shoals:3: layout_shoals
Shoals:4: shoals_end_grunt_ice, layout_shoals, uniq_mlioglotl
Snake:1:  layout_onion_interference, nicolae_integral_box
Snake:2:  layout_honeycomb, serial_shops, shop
Snake:3:  layout_cave_shapes, uniq_agnes, uniq_vashnia
Snake:4:  hellmonk_snake_rune_quicksilver_temple, layout_onion,
          grunt_ministairs_11, hangedman_snake_corridor_cut
Orc:1:    layout_caves
Orc:2:    st_orc_ogre_mass, layout_diamond_mine, serial_shops, shop
Vaults:1: vaults_room_boxed, nicolae_vaults_ring_of_whatevers,
          ontoclasm_vaults_loading_screen, nicolae_vaults_trapezoid_4,
          nicolae_vaults_angled_halls, nicolae_vaults_apartment_2,
          vaults_room_fours, nicolae_vaults_tetromino_T_2,
          nicolae_vaults_holding_cells, layout_vaults_quadrants
Vaults:2: ploomutoo_gammafunk_ghost_potion_laboratory,
          minmay_crypt_entry_simple_walls, grunt_vaults_funneled_arena,
          v_misc_17, nicolae_vaults_closet_pinwheel_6, hangedman_vaults_snaps,
          vaults_room_fours, nicolae_vaults_network_star,
          nicolae_vaults_trapezoid_lopsided_4, v_misc_19, nicolae_vaults_big_ls,
          nicolae_vaults_surprise_closet, ontoclasm_vaults_pinch,
          vaults_dpeg_encased_lava, serial_ice_h, layout_vaults_omnibox,
          serial_shops, shop
Vaults:3: nicolae_vaults_circle_grid_b, ontoclasm_vaults_ring_small,
          nicolae_vaults_arrows, nicolae_vaults_storage_closets_2,
          vaults_mumra_hex, nicolae_vaults_mitosis, v_misc_17, v_misc_13,
          nicolae_vaults_triangles, v_misc_14, nicolae_vaults_tetromino_T_1,
          nicolae_vaults_specimen_jars, nicolae_vaults_heart-shaped_vault,
          nicolae_vaults_house_1, ontoclasm_vaults_decontamination,
          layout_vaults_big_cross
Vaults:4: nicolae_vaults_turnstiles, ontoclasm_vaults_water_temple,
          nicolae_vaults_little_ls, vaults_standard_mumra_lines,
          nicolae_vaults_oval_intersection, ontoclasm_vaults_shuriken,
          nicolae_vaults_double_plus_2, vaults_dpeg_hooks,
          nicolae_vaults_storage_room_glass, hangedman_vaults_pinch,
          hangedman_vaults_trim, nicolae_vaults_more_shelving_2,
          vaults_mumra_hexcomb, vaults_room_stairs_pillars, layout_vaults_ring
Vaults:5: uniq_sojobo, uniq_saint_roka, uniq_bai_suzhen

Skill      XL: |  1  2  3  4  5  6  7  8  9 10 11 12 13 14 15 16 17 18 19 20 21 |
---------------+----------------------------------------------------------------+-----
Staves         | 3 4 |  4.9
Dodging        | 3 4 6 7 9 10 | 10.0
Fighting       | 3 4 6 8 10 11 12 13 14 15 16 17 | 17.6
Armour         | 1 2 3 5 6 9 10 11 12 13 14 15 16 | 16.1
Maces & Flails | 1 5 7 9 10 12 | 12.7
Invocations    | 2 6 9 12 13 14 15 17 18 19 20 | 20.0
Axes           | 7 11 12 13 14 | 14.8
Shields        | 4 7 10 12 13 14 15 | 15.9
Throwing       | |  1.7

Action                     |  1- 3 |  4- 6 |  7- 9 | 10-12 | 13-15 | 16-18 | 19-21 || total
---------------------------+-------+-------+-------+-------+-------+-------+-------++-------
  Melee: Quarterstaff      |    92 |    90 |       |       |       |       |       ||   182
         Flail             |       |    18 |   226 |   180 |       |       |       ||   424
         Battleaxe         |       |       |       |   222 |   469 |       |       ||   691
         Morningstar       |       |       |       |       |   257 |  1563 |  1436 ||  3256
         Unarmed           |       |       |       |       |       |       |    18 ||    18
 Invoke: Upheaval          |       |       |       |     8 |    14 |    11 |    22 ||    55
         Elemental Force   |       |       |       |     3 |     3 |     3 |     2 ||    11
         Disaster Area     |       |       |       |       |     2 |     2 |     7 ||    11
  Evoke: Wand              |       |       |       |     1 |       |       |       ||     1
    Use: Scroll            |     2 |     9 |    16 |     8 |     7 |     5 |     6 ||    53
         Potion            |     1 |     1 |     2 |     4 |     5 |     3 |    23 ||    39
   Stab: Sleeping          |     2 |       |       |       |       |       |       ||     2
         Distracted        |       |       |     1 |     5 |     3 |     3 |     5 ||    17
         Paralysed         |       |       |       |     1 |     1 |     5 |     4 ||    11
         Petrified         |       |       |       |       |       |    18 |       ||    18
         Petrifying        |       |       |       |       |       |     1 |       ||     1
         Invisible         |       |       |       |       |       |       |     5 ||     5
 Armour: Leather armour    |    48 |       |       |       |       |       |       ||    48
         Chain mail        |    17 |    87 |   218 |   278 |   529 |   954 |   780 ||  2863
         Skin              |       |       |       |       |       |       |     3 ||     3
  Dodge: Dodged            |    62 |    32 |   110 |   149 |   247 |   401 |   344 ||  1345
         Repelled          |       |       |       |    11 |    43 |    96 |    72 ||   222
  Block: Other             |       |       |    25 |   126 |   226 |       |     2 ||   379
         Reflection        |       |       |       |     7 |    23 |       |       ||    30
         Kite shield       |       |       |       |       |   240 |   114 |       ||   354
         Tower shield      |       |       |       |       |       |  2204 |  1939 ||  4143

Table legend: (Time is in decaauts)
 A = Elapsed time spent in this place.
 B = Non-inter-level travel time spent in this place.
 C = Inter-level travel time spent in this place.
 D = Time resting spent in this place.
 E = Time spent auto-exploring this place.
 F = Levels seen in this place.
 G = Mean time per level.
                   A        B        C        D        E       F      G
               +--------+--------+--------+--------+--------+-----+--------+
         Total |  37570 |  34592 |   2978 |    846 |  25466 |  38 |  988.7 |
       Dungeon |  14249 |  12889 |   1360 |    434 |   9983 |  15 |  949.9 |
        Temple |     20 |     11 |      9 |      0 |      0 |   1 |   20.0 |
          Lair |   6153 |   5558 |    595 |    204 |   4469 |   5 | 1230.6 |
        Shoals |   3636 |   3316 |    320 |      0 |   2251 |   4 |  909.0 |
     Snake Pit |   3936 |   3779 |    157 |    104 |   2740 |   4 |  984.0 |
  Orcish Mines |   1876 |   1728 |    148 |      0 |   1431 |   2 |  938.0 |
        Vaults |   6795 |   6411 |    384 |    104 |   4027 |   5 | 1359.0 |
        Bailey |    565 |    565 |      0 |      0 |    478 |   1 |  565.0 |
      Gauntlet |    336 |    336 |      0 |      0 |     86 |   1 |  336.0 |
               +--------+--------+--------+--------+--------+-----+--------+

Top non-repeatable levels by time:
Vaults:2: 2227 daAuts
     D:9: 1900 daAuts
 Snake:4: 1694 daAuts
  Lair:3: 1634 daAuts
Vaults:3: 1562 daAuts
Vaults:4: 1444 daAuts
  Lair:1: 1437 daAuts
  Lair:2: 1393 daAuts
    D:12: 1318 daAuts
     D:6: 1250 daAuts
Vaults:1: 1222 daAuts
    D:10: 1199 daAuts
Shoals:4: 1113 daAuts
     D:5: 1089 daAuts
     D:3: 1067 daAuts
